 Dungeon Crawl Stone Soup version 0.26-a0-1205-g4083c211ab (webtiles) character file.

Game seed: 8220403555472633586

39 Azzok the Covered (level 3, 0/29 HPs)
             Began as a Demonspawn Fighter on Dec 29, 2020.
             Succumbed to an adder's poison
             ... on level 1 of the Dungeon.
             The game lasted 00:01:31 (983 turns).

Azzok the Covered (Demonspawn Fighter)               Turns: 983, Time: 00:01:32

Health: 0/29       AC:  8    Str: 15 (17) XL:     3   Next: 28%
Magic:  3/3        EV:  6    Int:  6 (9)  God:
Gold:   90         SH:  8    Dex: 11 (12) Spells: 2/2 levels left

rFire    . . .     SeeInvis .   a - +0 war axe
rCold    . . .     Faith    .   c - +0 kite shield
rNeg     . . .     Spirit   .   b - +0 scale mail
rPois    .         Reflect  .   (no helmet)
rElec    .         Harm     .   (no cloak)
rCorr    .         Rampage  .   (no gloves)
Will     .....                  (no boots)
Stlth    ..........             (no amulet)
HPRegen  0.09/turn              (no ring)
MPRegen  0.08/turn              (no ring)

@: mighty, lethally poisoned (0 -> -9)
A: iridescent scales 1, powered by death 1
a: no special abilities


You were on level 1 of the Dungeon.
You visited 1 branch of the dungeon, and saw 2 of its levels.

You collected 90 gold pieces.

Inventory:

Hand Weapons
 a - a +0 war axe (weapon)
Armour
 b - a +0 scale mail (worn)
 c - a +0 kite shield (worn)
Scrolls
 e - a scroll of identify {unknown}
 f - 2 scrolls of blinking {unknown}
 h - 2 scrolls of remove curse {unknown}
Potions
 d - a potion of might


   Skills:
 - Level 3.0 Fighting
 + Level 2.4 Axes
 + Level 3.1 Armour
 + Level 3.1 Shields


You had 2 spell levels left.
You didn't know any spells.
Your spell library was empty.

Dungeon Overview and Level Annotations

Branches:
Dungeon (2/15)

Altars:


Innate Abilities, Weirdness & Mutations

You are partially covered in iridescent scales. (AC +2)
You regenerate a little health from kills.


Message History

The adder is almost dead.
The adder barely misses you. You block the adder's attack.
You closely miss the adder.
The adder is almost dead.
* * * LOW HITPOINT WARNING * * *
You feel sick. The adder barely misses you. The adder closely misses you.
You closely miss the adder.
The adder is almost dead.
The adder bites you.
* * * LOW HITPOINT WARNING * * *
You are more poisoned.
The adder poisons you! The adder barely misses you.
You hit the adder.
You kill the adder!
* * * LOW HITPOINT WARNING * * *
You feel sick.
It was a potion of degeneration.
There was something very wrong with that liquid.
You feel weakened.
You feel dopey.
You feel clumsy.
You die...

▒·▒▒▒▒▒▒··▒▒▒▒····▒▒·▒▒▒▒▒
▒········÷···········▒
▒▒▒▒▒▒▒▒▒·▒▒▒▒·▒▒▒▒▒▒▒▒▒▒▒
▒··················
▒▒·▒▒▒▒·▒▒▒▒▒▒▒▒▒▒▒ ▒·▒
▒·▒▒········· ▒·▒
▒·▒▒·▒▒▒·▒···
▒·▒▒▒▒·▒▒·▒▒▒·▒▒▒▒
▒@················
▒†▒▒·▒·▒▒·▒·······
▒·▒▒·▒·▒▒·▒▒▒·····
▒·▒▒·▒·▒▒·········
▒·▒▒·▒·▒▒▒▒▒▒▒▒▒▒▒
▒·················
▒·▒▒·▒▒▒▒·▒▒▒▒▒▒▒▒
▒▒▒▒▒·▒▒·▒ ▒·▒ ▒
▒··)··▒▒·▒ ▒·▒ ▒


There were no monsters in sight!

Vanquished Creatures
  An adder (D:1)
  A dart slug (D:1)
  A ball python (D:1)
  7 goblins
  2 hobgoblins
  6 bats
  3 frilled lizards
  2 kobolds (D:1)
  4 rats (D:1)
27 creatures vanquished.

Notes
Turn   | Place    | Note
-------+----------+-------------------------------------------
     0 | D:1      | Azzok the Demonspawn Fighter began the quest for the Orb.
     0 | D:1      | Reached XP level 1. HP: 18/18 MP: 1/1
   215 | D:1      | Gained mutation: You are partially covered in iridescent
                  | scales. (AC +2) [demonic ancestry]
   215 | D:1      | Reached XP level 2. HP: 24/24 MP: 2/2
   956 | D:2      | Gained mutation: You regenerate a little health from kills.
                  | [demonic ancestry]
   956 | D:2      | Reached XP level 3. HP: 22/29 MP: 3/3
   981 | D:1      | HP: 1/29 [adder (1)]
   983 | D:1      | Succumbed to an adder's poison

Illustrated notes

Levels and vault maps discovered:
D:1:      amcnicky_arrival_abandoned_market, layout_basic, nrook_mini_backslash
D:2:      layout_loops_ring, nemelex_xobeh_ov_fountains_minmay, uniq_jessica

Skill      XL: |  1  2 |
---------------+-------+-----
Axes           | 2 |  2.4
Armour         | 3 |  3.1
Shields        | 3 |  3.1
Fighting       | |  3.0

Action                   || total
-------------------------++-------
Melee: War axe           ||    71
  Use: Potion            ||     2
Armor: Scale mail        ||    55
Dodge: Dodged            ||    16
Block: Kite shield       ||    37

Table legend: (Time is in decaauts)
 A = Elapsed time spent in this place.
 B = Non-inter-level travel time spent in this place.
 C = Inter-level travel time spent in this place.
 D = Time resting spent in this place.
 E = Time spent auto-exploring this place.
 F = Levels seen in this place.
 G = Mean time per level.
                   A        B        C        D        E       F      G
               +--------+--------+--------+--------+--------+-----+--------+
         Total |   1016 |    996 |     20 |      0 |    764 |   2 |  508.0 |
       Dungeon |   1016 |    996 |     20 |      0 |    764 |   2 |  508.0 |
               +--------+--------+--------+--------+--------+-----+--------+

Top non-repeatable levels by time:
     D:1: 932 daAuts
     D:2: 84 daAuts
